 Dungeon Crawl Stone Soup version 0.22.1-1-ga44c0e56f4 (webtiles) character file.

22949 LLavrengius the Bewitcher (level 12, -3/80 HPs)
             Began as a Vampire Enchanter on Nov 8, 2018.
             Was an Elder of Kikubaaqudgha.
             Slain by an enormous slime creature (77 damage)
             ... on level 13 of the Dungeon on Nov 9, 2018.
             The game lasted 01:16:13 (15932 turns).

LLavrengius the Bewitcher (Vampire Enchanter)      Turns: 15932, Time: 01:16:14

Health: -3/80      AC:  6    Str:  7    XL:     12   Next: 67%
Magic:  7/19       EV: 17    Int: 18    God:    Kikubaaqudgha [****..]
Gold:   437        SH:  6    Dex: 19    Spells: 9/21 levels left

rFire    . . .     SeeInvis +   t - +7 dagger of Leinge {pierce, rN+}
rCold    + + .     Gourm    .   r - +0 buckler
rNeg     + + +     Faith    .   b - +0 robe
rPois    ∞         Spirit   .   v - +0 helmet
rElec    .         Reflect  .   M - +0 cloak
rCorr    .         Harm     .   y - +0 pair of gloves
MR       +++..                  Q - +0 pair of boots
Stlth    ++++++++..             N - amulet of magic regeneration
HPRegen  0.00/turn              i - ring of protection from magic
MPRegen  0.41/turn              R - ring of protection from magic

@: bloodless, non-regenerating
A: fangs 3, see invisible, unbreathing
a: Bat Form, Receive Corpses, Renounce Religion


You were on level 13 of the Dungeon.
You worshipped Kikubaaqudgha.
Kikubaaqudgha was greatly pleased with you.
You were bloodless.

You visited 2 branches of the dungeon, and saw 14 of its levels.
You also visited: Sewer.

You collected 767 gold pieces.
You spent 330 gold pieces at shops.

Inventory:

Hand Weapons
 t - the +7 dagger of Leinge (weapon) {pierce, rN+}
   (You found it on level 12 of the Dungeon)

   It inflicts extra damage upon your enemies.
   It protects you from negative energy.
 u - a +0 hunting sling
 E - a +2 dagger of venom
Missiles
 e - 305 stones (quivered)
 k - a throwing net
Armour
 b - a +0 robe (worn)
 p - a +0 shield
 r - a +0 buckler (worn)
 v - a +0 helmet (worn)
 y - a +0 pair of gloves (worn)
 M - a +0 cloak (worn)
 Q - a +0 pair of boots (worn)
Jewellery
 i - a ring of protection from magic (left hand)
 N - an amulet of magic regeneration (around neck)
 R - a ring of protection from magic (right hand)
 X - an uncursed ring of magical power
Wands
 n - a wand of iceblast (8)
 D - a wand of flame (76)
 J - a wand of paralysis (14)
 U - a wand of digging (18)
Scrolls
 c - 2 scrolls of amnesia {unknown}
 f - 3 scrolls of teleportation
 g - 3 scrolls of identify
 j - 2 scrolls of enchant weapon {unknown}
 m - 3 scrolls of enchant armour {unknown}
 o - 5 scrolls of remove curse {unknown}
 C - 2 scrolls of fog {unknown}
 H - 2 scrolls of random uselessness {unknown}
 I - 2 scrolls of fear {unknown}
 K - a scroll of holy word {unknown}
 L - 4 scrolls of blinking
 O - 2 scrolls of immolation {unknown}
 P - 2 scrolls of magic mapping {unknown}
 T - a scroll of acquirement {unknown}
 Y - a scroll of torment {unknown}
 Z - a scroll of noise {unknown}
Potions
 a - 2 potions of haste
 d - 22 potions of blood
 h - 9 potions of curing
 l - 8 potions of heal wounds
 q - 3 potions of might
 s - a potion of agility {unknown}
 w - a potion of invisibility
 x - 4 potions of cancellation
 z - 2 potions of ambrosia
 A - 3 potions of brilliance
 B - 7 potions of flight
 F - 2 potions of mutation
 G - a potion of magic
 W - a potion of berserk rage {unknown}
Miscellaneous
 S - a fan of gales
 V - a lightning rod (4/4)


   Skills:
 + Level 2.7 Fighting
 - Level 11.0 Short Blades
 * Level 6.8 Dodging
 - Level 15.0 Stealth
 + Level 4.7 Shields
 - Level 5.0 Spellcasting
 * Level 16.0 Hexes
 * Level 3.8 Necromancy
 - Level 5.0 Ice Magic


You had 9 spell levels left.
You knew the following spells:

 Your Spells              Type           Power        Failure   Level  Hunger
a - Corona                Hex            ######.      1%          1    None
b - Ensorcelled Hibernat  Hex/Ice        #####.       1%          2    #......
c - Confuse               Hex            ######..     1%          3    ##.....
d - Tukima's Dance        Hex            ######..     1%          3    ##.....
e - Dazzling Spray        Conj/Hex       ####..       1%          3    ##.....

Your spell library contained the following spells:

 Spells                   Type           Power        Failure   Level  Hunger
 Animate Skeleton         Necr           N/A          2%          1    None
 Pain                     Necr           ###.         2%          1    None
 Sublimation of Blood     Necr           ###.......   4%          2    #......
 Vampiric Draining        Necr           ###.......   9%          3    ##.....
 Animate Dead             Necr           N/A          26%         4    ####...
 Agony                    Necr           ###.....     58%         5    ######.
 Dispel Undead            Necr           ###.....     58%         5    ######.
 Borgnjor's Vile Clutch   Necr/Erth      ##........   86%         5    ######.
 Simulacrum               Ice/Necr       ###.......   97%         6    #######


Dungeon Overview and Level Annotations

Branches:
Dungeon (13/15)            Temple (1/1) D:7            Lair (0/6) D:10
    Orc (0/2) D:12
 Vaults: D:13-14

Altars:
Ashenzari
Cheibriados
Dithmenos
Elyvilon
Fedhas
Gozag
Hepliaklqana
Kikubaaqudgha
Makhleb
Nemelex Xobeh
Okawaru
Qazlal
Ru
Sif Muna
Trog
Uskayaw
Vehumet
Wu Jian
Xom
Yredelemnul
Zin
The Shining One

Shops:
D:5 [[::?!   D:7 [   D:8 *   D:10 ?

Portals:
Trove: D:12 (give +5 demon blade)

Annotations:
D:8 1 runed door
D:11 2 transporters


Innate Abilities, Weirdness & Mutations

You do not heal naturally.
You are immune to poison.
You have razor-sharp teeth.
You have supernaturally acute eyesight. (SInv)
You can survive without breathing.


Message History

Press: ? - help, Shift-Dir - straight line, f - large slime creature, p - large
Aim: a large slime creature (chance to defeat MR: 50%)
The large slime creature looks drowsy...
Two slime creatures merge to form an enormous slime creature.
Casting: Ensorcelled Hibernation (safe; 1% risk of failure)
Confirm with . or Enter, or press ? or * to list all spells.
Aiming: Ensorcelled Hibernation (safe; 1% risk of failure)
Press: ? - help, Shift-Dir - straight line, f/p - enormous slime creature
Aim: an enormous slime creature (not susceptible)
Okay, then.
Casting: Ensorcelled Hibernation (safe; 1% risk of failure)
Confirm with . or Enter, or press ? or * to list all spells.
Aiming: Confuse (safe; 1% risk of failure)
Press: ? - help, Shift-Dir - straight line, f/p - enormous slime creature
Aim: an enormous slime creature (chance to defeat MR: 60%)
The enormous slime creature appears confused.
The enormous slime creature hits you!!!!
Ouch! That really hurt!
You die...
Kikubaaqudgha rasps: "You have failed me!
Welcome... oblivion!"

###.######.......#
#.# #}......# ####
#.# #.......# ...
###.#
####.#####.###
....#
#.........###
#####
######......# #
####.##†.......#
........#..#.#.#
#.#...@Jo...# #
#...###..### ##.#
#........ #.
#.o....## #
######.# #


You could see an enormous slime creature (confused) and an orc.

Vanquished Creatures
  2 two-headed ogres
  Pikel (D:5)
  2 deep elf magi (D:12)
  A cyclops (D:13)
  Joseph (D:9)
  A gargoyle (D:13)
  An efreet (D:13)
  2 centaur skeletons
  A kobold demonologist (D:12)
  2 komodo dragons
  3 hornets (D:8)
  Grinder (D:4)
  Prince Ribbit (D:6)
  A troll (D:10)
  5 slime creatures
  4 hippogriffs
  Sigmund (D:6)
  A shadow (D:11)
  Eustachio (D:5)
  2 wyverns
  13 yaks
  5 vampire mosquitoes
  Menkaure (D:6)
  Edmund (D:4)
  A soldier ant (D:12)
  2 water moccasins
  2 ice beasts
  Duvessa (D:4)
  6 orc warriors
  2 sky beasts
  4 slaves (D:5)
  A necrophage (D:11)
  3 phantoms
  9 ogres
  14 centaurs
  4 big kobolds
  A bullfrog (D:13)
  5 scorpions
  Dowan (D:4)
  20 killer bees
  5 crimson imps
  3 centaur zombies
  A quasit (D:10)
  2 hounds
  2 jellies
  8 orc priests
  3 bullfrog skeletons
  10 orc wizards
  5 worker ants
  2 iguanas (D:7)
  A killer bee zombie (D:9)
  4 hound zombies
  A hound skeleton (D:5)
  2 worker ant zombies
  Robin (D:3)
  17 adders
  11 river rats (Sewer)
  A shadow imp (D:9)
  2 oozes
  An adder skeleton (D:7)
  4 worms (D:2)
  4 leopard geckos
  35 orcs
  7 giant cockroaches
  11 goblins
  11 hobgoblins
  24 jackals
  5 quokkas
  2 ball pythons (Sewer)
  11 bats
  8 frilled lizards
  35 kobolds
  2 quokka zombies (D:5)
  21 rats
392 creatures vanquished.

Vanquished Creatures (others)
  A plant (D:10)
1 creature vanquished.

Grand Total: 393 creatures vanquished

Notes
Turn   | Place    | Note
-------+----------+-------------------------------------------
     0 | D:1      | LLavrengius the Vampire Enchanter began the quest for the
                  | Orb.
     0 | D:1      | Reached XP level 1. HP: 13/13 MP: 3/3
   123 | D:1      | Reached XP level 2. HP: 5/19 MP: 0/5
   590 | D:1      | Learned a level 2 spell: Ensorcelled Hibernation
   989 | D:1      | Reached skill level 5 in Stealth
  1104 | D:1      | Reached XP level 3. HP: 24/25 MP: 6/6
  1355 | D:2      | Reached skill level 5 in Hexes
  1584 | D:2      | Found a stormy altar of Qazlal.
  1624 | D:2      | Reached XP level 4. HP: 19/31 MP: 7/7
  2230 | D:2      | Reached skill level 1 in Fighting
  2505 | D:3      | Noticed Robin
  2509 | D:3      | Killed Robin
  2858 | D:3      | Reached XP level 5. HP: 36/37 MP: 8/8
  3123 | D:3      | Noticed a phantom
  3134 | D:3      | Learned a level 3 spell: Confuse
  4062 | D:4      | Found a glowing drain.
  4075 | Sewer    | Entered a sewer
  4703 | Sewer    | Reached skill level 6 in Hexes
  4865 | Sewer    | Reached skill level 1 in Shields
  5313 | Sewer    | Reached XP level 6. HP: 38/43 MP: 9/9
  5947 | D:4      | Noticed Duvessa
  5947 | D:4      | Noticed Dowan
  6261 | D:4      | Killed Dowan
  6311 | D:4      | Killed Duvessa
  6311 | D:4      | Reached skill level 7 in Hexes
  6311 | D:4      | Reached XP level 7. HP: 45/48 MP: 4/10
  6417 | D:4      | Noticed Edmund
  6427 | D:4      | Killed Edmund
  6461 | D:4      | Noticed Grinder
  6464 | D:4      | Killed Grinder
  6464 | D:4      | Reached skill level 5 in Short Blades
  6464 | D:4      | Reached skill level 8 in Hexes
  6471 | D:4      | Learned a level 3 spell: Tukima's Dance
  6972 | D:5      | Entered Level 5 of the Dungeon
  7006 | D:5      | Reached XP level 8. HP: 54/54 MP: 11/11
  7041 | D:5      | Noticed Pikel
  7115 | D:5      | Killed Pikel
  7115 | D:5      | Reached skill level 9 in Hexes
  7279 | D:5      | Reached skill level 10 in Stealth
  7299 | D:5      | Reached XP level 9. HP: 26/59 MP: 2/12
  7302 | D:5      | Reached skill level 10 in Hexes
  7400 | D:5      | Found Kuodady's Distillery.
  7412 | D:5      | Bought a potion of cancellation for 80 gold pieces
  7412 | D:5      | Bought a potion of mutation for 80 gold pieces
  7412 | D:5      | Bought a potion of magic for 80 gold pieces
  7433 | D:5      | Found Etties's Book Shop.
  7466 | D:5      | Found Kink's Armour Shop.
  7469 | D:5      | Found Nenky's Magic Scroll Shop.
  7471 | D:5      | Noticed Eustachio
  7473 | D:5      | Found Gocinnuo's Antique Armour Boutique.
  7473 | D:5      | Found Hirug's Book Shop.
  7481 | D:5      | Killed Eustachio
  7881 | D:6      | Noticed Sigmund
  7888 | D:6      | Killed Sigmund
  8025 | D:6      | Noticed Prince Ribbit
  8037 | D:6      | Noticed Menkaure
  8060 | D:6      | Killed Menkaure
  8262 | D:6      | Reached skill level 11 in Hexes
  8315 | D:6      | Found an opulent altar of Gozag.
  8366 | D:6      | Killed Prince Ribbit
  8619 | D:7      | Found a staircase to the Ecumenical Temple.
  8631 | D:7      | Learned a level 3 spell: Dazzling Spray
  8658 | Temple   | Entered the Ecumenical Temple
  9091 | Temple   | Became a worshipper of Kikubaaqudgha
  9188 | D:7      | Found Diqyra's Armour Shop.
  9502 | D:8      | Noticed a two-headed ogre
  9508 | D:8      | Killed a two-headed ogre
  9508 | D:8      | Reached skill level 1 in Ice Magic
  9508 | D:8      | Reached XP level 10. HP: 65/65 MP: 13/13
  9511 | D:8      | Found a runed door.
  9512 | D:8      | Noticed a sixfirhy
  9641 | D:8      | Found a shimmering altar of Xom.
 10016 | D:8      | Found Iwiprah's Assorted Antiques.
 10043 | D:8      | Reached skill level 12 in Hexes
 10164 | D:8      | Reached skill level 10 in Short Blades
 10164 | D:8      | Reached skill level 13 in Hexes
 10164 | D:8      | Reached XP level 11. HP: 69/70 MP: 13/17
 10242 | D:8      | Reached skill level 14 in Hexes
 10576 | D:9      | Noticed Joseph
 10587 | D:9      | Killed Joseph
 10838 | D:9      | Noticed a two-headed ogre
 10845 | D:9      | Killed a two-headed ogre
 11066 | D:10     | Entered Level 10 of the Dungeon
 11079 | D:10     | Reached * piety under Kikubaaqudgha
 11079 | D:10     | Identified Kikubaaqudgha's Guide on Dark Arts
                  | (Kikubaaqudgha gifted it to you on level 10 of the Dungeon)
 11079 | D:10     | Received a gift from Kikubaaqudgha
 11112 | D:10     | Found a snail-covered altar of Cheibriados.
 11783 | D:10     | Found a staircase to the Lair.
 11937 | D:10     | Found Nehoupso's Magic Scroll Shop.
 11940 | D:10     | Bought a scroll of blinking for 90 gold pieces
 12238 | D:11     | Reached skill level 5 in Ice Magic
 12358 | D:11     | Noticed a fire crab
 12359 | D:11     | Found a transporter.
 12363 | D:11     | Found a transporter.
 12371 | D:11     | Reached skill level 5 in Spellcasting
 12521 | D:11     | Reached ** piety under Kikubaaqudgha
 13344 | D:12     | Found a portal to a secret trove of treasure.
 13348 | D:12     | Reached skill level 15 in Hexes
 13385 | D:12     | Found a staircase to the Orcish Mines.
 13575 | D:12     | Noticed a deep elf mage
 13583 | D:12     | Killed a deep elf mage
 13583 | D:12     | Reached XP level 12. HP: 66/76 MP: 10/19
 14008 | D:12     | Reached skill level 5 in Dodging
 14239 | D:12     | Reached *** piety under Kikubaaqudgha
 14239 | D:12     | Identified Kikubaaqudgha's Catalogue of Evil Secrets
                  | (Kikubaaqudgha gifted it to you on level 12 of the Dungeon)
 14239 | D:12     | Received a gift from Kikubaaqudgha
 14793 | D:12     | Reached skill level 1 in Necromancy
 14918 | D:12     | Identified the +7 dagger of Leinge {pierce, rN+} (You found
                  | it on level 12 of the Dungeon)
 15107 | D:13     | Reached skill level 15 in Stealth
 15820 | D:13     | Reached **** piety under Kikubaaqudgha
 15893 | D:13     | Reached skill level 16 in Hexes
 15932 | D:13     | Slain by an enormous slime creature

Skill      XL: |  1  2  3  4  5  6  7  8  9 10 11 12 |
---------------+-------------------------------------+-----
Stealth        | 5 6 7 8 10 12 14 15 | 15.0
Short Blades   | 2 3 4 5 6 8 10 11 | 11.0
Hexes          | 5 6 7 8 9 11 13 15 16 | 16.0
Fighting       | 1 2 |  2.7
Dodging        | 3 4 6 |  6.8
Shields        | 1 2 3 4 |  4.7
Ice Magic      | 1 4 5 |  5.0
Spellcasting   | 4 5 |  5.0
Necromancy     | 3 |  3.8

Action                   |  1- 3 |  4- 6 |  7- 9 | 10-12 || total
-------------------------+-------+-------+-------+-------++-------
Melee: Dagger            |    71 |     6 |   270 |   499 ||   846
       Bite              |    13 |    20 |    27 |    54 ||   114
       Short sword       |    77 |   218 |       |       ||   295
 Cast: Corona            |     7 |       |       |       ||     7
       Ensorcelled Hiber |     5 |    36 |    17 |    99 ||   157
       Confuse           |       |     9 |     9 |    30 ||    48
Evoke: Wand              |       |       |       |     1 ||     1
  Use: Potion            |       |     7 |       |     5 ||    12
       Scroll            |       |     8 |       |     8 ||    16
 Stab: Sleeping          |    10 |    38 |    40 |    91 ||   179
       Confused          |       |     6 |     6 |    14 ||    26
       Distracted        |       |     1 |       |     4 ||     5
  Eat: Corpse            |       |       |     1 |     2 ||     3
Armor: Robe              |    31 |    34 |    31 |    50 ||   146
Dodge: Dodged            |    92 |   152 |    82 |   234 ||   560
Block: Buckler           |       |       |    33 |    78 ||   111
